 Dungeon Crawl Stone Soup version bcrawl-1.27.5 (webtiles) character file.

Game seed: 3658883511428018069

198121 Suttyogo the Ducker (level 6, -1/43 HPs)
             Began as an Octopode Fighter on Aug 21, 2020.
             Slain by a leopard gecko (4 damage)
             ... on level 4 of the Dungeon.
             The game lasted 00:11:53 (2182 turns).

Suttyogo the Ducker (Octopode Fighter)              Turns: 2182, Time: 00:11:53

Health: -1/43      AC:  1    Str: 15    XL:     6   Next: 11%
Magic:  6/6        EV: 10    Int: 10    God:
Gold:   312        SH:  9    Dex: 12    Spells: 5/5 levels left

rFire    . . .     SeeInvis .   a - +0 trident
rCold    . . .     Gourm    .   b - +0 medium shield
rNeg     . . .     Faith    .   (helmet restricted)
rPois    +         Spirit   .   (cloak restricted)
rElec    .         Reflect  .   (no amulet)
rCorr    .         Harm     .   (no ring)
MR       .....                  (no ring)
Stlth    +++.......             (no ring)
HPRegen  0.54/turn              (no ring)
MPRegen  0.10/turn              (no ring)
                                (no ring)
                                (no ring)
                                (no ring)

@: about to teleport
A: almost no armour, stealthy swim, amphibious, 8 rings, constrict 8, camouflage
1, poison resistance, regeneration 1, weak 1, gelatinous body 1
a: no special abilities


You were on level 4 of the Dungeon.
You were not hungry.

You visited 1 branch of the dungeon, and saw 4 of its levels.

You collected 312 gold pieces.

Inventory:

Hand Weapons
 a - a +0 trident (weapon)
Missiles
 f - 24 javelins of penetration (quivered) {=f}
 g - 905 stones
Armour
 b - a +0 medium shield (worn)
Wands
 i - a wand of random effects (5)
 j - a wand of disintegration (18)
Scrolls
 m - a scroll of fear
Potions
 c - 3 potions of might
 d - a potion of berserk rage
 l - a potion of agility
 n - a potion of mutation
 o - a potion of haste
Comestibles
 e - 5 rations {!d}
 k - a chunk of flesh


   Skills:
 + Level 3.7 Fighting
 + Level 3.3 Polearms
 + Level 2.4 Throwing
 + Level 4.0 Dodging
 + Level 1.9 Stealth
 + Level 3.7 Shields


You had 5 spell levels left.
You didn't know any spells.
Your spell library contained the following spells:

 Spells                   Type           Power        Failure   Level  Hunger
 Corona                   Hex            #......      99%         1    None
 Ensorcelled Hibernation  Hex/Ice        #.....       100%        2    ####...
 Confuse                  Hex            #.......     100%        3    #####..
 Dazzling Orbs            Conj/Hex       #......      100%        3    #####..
 Tukima's Dance           Hex            #.......     100%        3    #####..


Dungeon Overview and Level Annotations

Branches:
Dungeon (4/12)
 Temple: D:4-7

Altars:
Hepliaklqana
Trog
Vehumet


Innate Abilities, Weirdness & Mutations

You cannot wear most types of armour.
You are very stealthy in the water. (Stealth+)
You are amphibious.
You can wear up to eight rings at the same time.
You can use your tentacles to constrict eight enemies at once.
Your skin changes colour to match your surroundings (Stealth+).
Your rubbery body absorbs attacks. (AC +1, EV +1)
Your system is resistant to poisons. (rPois)
Your natural rate of healing is unusually fast.
You are weak. (Str -2)


Message History

The adder bites you but does no damage.
The orc wizard casts a spell.
The orc wizard flickers and vanishes!
You closely miss the adder. You grab the adder.
The adder is lightly wounded.
You constrict the adder. The adder bites you.
* * * LOW HITPOINT WARNING * * *
The leopard gecko bites you.
* * * LOW HITPOINT WARNING * * *
Your shield prevents you from hitting the adder.
The adder is heavily wounded.
You constrict the adder. The adder bites you but does no damage.
You block the leopard gecko's attack. You block the adder's attack.
You release your grip on the adder.
The goblin shouts!
A centaur skeleton comes into view.
The adder bites you.
* * * LOW HITPOINT WARNING * * *
The leopard gecko bites you.
You die...

#.###.......o.......
#.....##...o........
..#...................
.........##...........
..#$..................
........(o##).........
........o.####.......
.........Sl##
.........#@.#
....[....##.#
..######## .# ## ..
.#. Z.o. ._ #. .. !$


You could see 2 orc priests, an adder, an orc, a leopard gecko and a centaur
skeleton.

Vanquished Creatures
  2 hounds (D:3)
  Terence (D:2)
  5 adders (D:3)
  An adder skeleton (D:2)
  4 worms
  2 dart slugs (D:2)
  4 leopard geckos
  11 orcs
  A ball python (D:3)
  9 bats
  2 giant cockroaches
  10 goblins
  4 hobgoblins
  7 jackals
  2 quokkas (D:2)
  3 frilled lizards
  9 kobolds
  8 rats
85 creatures vanquished.

Notes
Turn   | Place    | Note
-------+----------+-------------------------------------------
     0 | D:1      | Suttyogo the Octopode Fighter began the quest for the Orb.
     0 | D:1      | Reached XP level 1. HP: 16/16 MP: 1/1
    40 | D:1      | Gained mutation: You are weak. (Str -2) [potion of
                  | mutation]
    40 | D:1      | Gained mutation: Your natural rate of healing is unusually
                  | fast. [potion of mutation]
    40 | D:1      | Gained mutation: Your system is resistant to poisons.
                  | (rPois) [potion of mutation]
   100 | D:1      | Reached XP level 2. HP: 21/21 MP: 2/2
   518 | D:1      | Reached XP level 3. HP: 23/26 MP: 3/3
   597 | D:2      | Reached skill level 1 in Stealth
   903 | D:2      | Found a hazy altar of Hepliaklqana.
   918 | D:2      | Reached XP level 4. HP: 31/31 MP: 4/4
  1346 | D:2      | Noticed Terence
  1348 | D:2      | Killed Terence
  1348 | D:2      | Reached skill level 1 in Throwing
  1449 | D:3      | Found a bloodstained altar of Trog.
  1555 | D:3      | Reached XP level 5. HP: 36/36 MP: 5/5
  1902 | D:3      | Reached skill level 4 in Dodging
  1902 | D:3      | Reached XP level 6. HP: 16/43 MP: 6/6
  2178 | D:4      | Found a radiant altar of Vehumet.
  2182 | D:4      | Slain by a leopard gecko

Skill      XL: |  1  2  3  4  5 |
---------------+----------------+-----
Stealth        | 1 |  1.9
Throwing       | 1 2 |  2.4
Polearms       | 3 |  3.3
Dodging        | 4 |  4.0
Fighting       | |  3.7
Shields        | |  3.7

Action                   |  1- 3 |  4- 6 || total
-------------------------+-------+-------++-------
Melee: Trident           |    77 |    74 ||   151
       Constrict         |    26 |    25 ||    51
       Tentacles         |    13 |    17 ||    30
Throw: Stone             |    34 |    22 ||    56
       Javelin           |    15 |    32 ||    47
  Use: Potion            |     1 |     1 ||     2
       Scroll            |     2 |     7 ||     9
 Stab: Sleeping          |     6 |       ||     6
  Eat: Chunk             |     4 |     5 ||     9
       Ration            |       |     1 ||     1
Armor: Skin              |     6 |    12 ||    18
Dodge: Dodged            |    40 |    34 ||    74
Block: Medium shield     |    32 |    50 ||    82
